 Dungeon Crawl Stone Soup version 0.29.1-12-g30fa7ad0bf (webtiles) character file.

Game seed: 3640975988855960551

5 DoIIoM the Digger (level 1, -2/11 HPs)
             Began as an Octopode Earth Elementalist on Jan 15, 2023.
             Frozen to death by an endoplasm (5 damage)
             ... on level 1 of the Dungeon.
             The game lasted 00:00:18 (108 turns).

DoIIoM the Digger (Octopode Earth Elementalist)      Turns: 108, Time: 00:00:19

Health: -2/11      AC:  1    Str:  7    XL:     1   Next: 80%
Magic:  2/3        EV: 13    Int: 17    God:
Gold:   0          SH:  0    Dex: 12    Spells: 3/4 levels left

rFire   . . .      SeeInvis .   (no weapon)
rCold   . . .      Faith    .   (no shield)
rNeg    + . .      Spirit   .   (helmet restricted)
rPois   .          Reflect  .   (no amulet)
rElec   .          Harm     .   b - ring of positive energy
rCorr   .          Rampage  .   (no ring)
Will    .....                   (no ring)
Stlth   +++.......              (no ring)
HPRegen 0.03/turn               (no ring)
MPRegen 0.08/turn               (no ring)
                                (no ring)
                                (no ring)

@: no status effects
A: almost no armour, amphibious, 8 rings, camouflage 1, gelatinous body 1,
(nimble swimmer 1), tentacles
a: no special abilities


You were on level 1 of the Dungeon.
You visited 1 branch of the dungeon, and saw 1 of its levels.

Inventory:

Jewellery
 b - a ring of positive energy (left tentacle)
Potions
 a - a potion of magic
 c - 3 potions of curing {unknown}


   Skills:
 + Level 0.3 Fighting
 - Level 2.0 Dodging
 + Level 2.9 Stealth
 + Level 2.0 Spellcasting
 + Level 1.1 Transmutations
 + Level 3.0 Earth Magic


You had 3 spell levels left.
You knew the following spells:

 Your Spells              Type           Power      Damage    Failure   Level
a - Sandblast             Erth           24%        2d8       5%          1

Your spell library contained the following spells:

 Spells                   Type           Power      Damage    Failure   Level
 Passwall                 Tmut/Erth      6%         N/A       12%         2
 Stone Arrow              Conj/Erth      14%        3d7       30%         3
 Petrify                  Tmut/Erth      8%         N/A       63%         4


Dungeon Overview and Level Annotations

Branches:
Dungeon (1/15)

Altars:


Innate Abilities, Weirdness & Mutations

You cannot wear most types of armour.
You are amphibious.
You can wear up to eight rings at the same time.
Your skin changes colour to match your surroundings (Stealth+).
Your rubbery body absorbs attacks. (AC +1, EV +1)
((You are camouflaged when in or above water. (Stealth+)))
You have tentacles for arms and can constrict up to eight enemies at once.


Message History

Found a flail.
Found a faded altar of an unknown god.
A dart slug and a rat come into view.
Found a robe.
There are monsters nearby!
You see here a yellow potion.
c - 3 yellow potions (gained 1)
An endoplasm comes into view.
Found 3 stones.
The helpless dart slug fails to defend itself.
You tentacle-slap the dart slug but do no damage.
You grab the dart slug. You constrict the dart slug. The dart slug bites you.
You tentacle-slap the dart slug but do no damage.
You squeeze the dart slug.
The dart slug is heavily wounded.
You constrict the dart slug.
You tentacle-slap the dart slug but do no damage.
You squeeze the dart slug.
You kill the dart slug!
The endoplasm quivers.
A bat comes into view.
The endoplasm freezes you.
You are frozen.
You are too injured to fight recklessly!
You are too injured to fight recklessly!
You are too injured to fight recklessly!
You are too injured to fight recklessly!
Casting: Sandblast (safe; 5% risk of failure)
Confirm with . or Enter, or press ? or * to list all spells.
Aiming: Sandblast (safe; 5% risk of failure)
Press: ? - help, Shift-Dir - straight line, f - endoplasm
Aim: an endoplasm (98% to hit)
The blast of sand hits the endoplasm.
The endoplasm is moderately wounded.
The endoplasm freezes you.
You are frozen.
* * * LOW HITPOINT WARNING * * *
The endoplasm freezes you.
You are frozen.
You die...

.# #............ ##
#...............##b. ##
#.................. .#
#................. .#
#............(...
####..†............#
...#...............#
................J..#
........####+#..@..#
.[......+..........#
........##...#.#...#
.........#...#..#+##
.............#..#+###+#
.............#.........
....#......#.#.........
....#......# #.........
....#......# #.........


You could see an endoplasm and a bat (asleep).

Vanquished Creatures
  A dart slug (D:1)
  A ball python (D:1)
  A giant cockroach (D:1)
3 creatures vanquished.

Notes
Turn   | Place    | Note
-------+----------+-------------------------------------------
     0 | D:1      | DoIIoM the Octopode Earth Elementalist began the quest for
                  | the Orb.
     0 | D:1      | Reached XP level 1. HP: 11/11 MP: 3/3
    88 | D:1      | Found a faded altar of an unknown god.
   108 | D:1      | Frozen to death by an endoplasm

Illustrated notes

Levels and vault maps discovered:
D:1:      minmay_arrival_jagged, layout_basic,
          hellmonk_ecumenical_altar_pennies_from_heaven, minmay_tromino_i2

Action                   || total
-------------------------++-------
Melee: Unarmed           ||     9
       Tentacles         ||     4
       Constrict         ||     3
 Cast: Sandblast         ||     1
 Stab: Sleeping          ||     3
Armor: Skin              ||     1
Dodge: Dodged            ||     3
